 Dungeon Crawl Stone Soup version 0.31-a0-210-gccc998df9b (webtiles) character file.

Game seed: 1893676426787388205

207 qw the Shooter (level 5, -3/31 HPs)
             Began as a Gargoyle Hexslinger on June 29, 2023.
             Slain by a hell rat (13 damage)
             ... in a sewer.
             The game lasted 00:01:07 (2063 turns).

qw the Shooter (Gargoyle Hexslinger)                Turns: 2063, Time: 00:01:08

Health: -3/31      AC: 14    Str: 12    XL:     5   Next: 85%
Magic:  6/6        EV: 10    Int: 13    God:
Gold:   151        SH:  0    Dex: 14    Spells: 5/6 levels left

rFire   . . .        Y - +2 sling
rCold   . . .        (no shield)
rNeg    + . .        f - +0 ring mail
rPois   inf          (no helmet)
rElec   +            (no cloak)
rCorr   .            a - +0 pair of gloves
SInv    .            (no boots)
Will    .....        (no amulet)
Stlth   +            g - +4 ring of protection
HPRegen 0.25/turn    (no ring)
MPRegen 0.10/turn

%: no passive effects
@: no status effects
A: sickness immunity, AC +4, negative energy resistance 1, electricity
resistance, torment resistance 1, petrification resistance
a: no special abilities


You were in a sewer.
You visited 1 branch of the dungeon, and saw 3 of its levels.
You also visited: Sewer.

You collected 151 gold pieces.


Innate Abilities, Weirdness & Mutations

You are immune to sickness and miasma.
Your stone body is resilient. (AC +4)
You are immune to poison.
You resist negative energy. (rN+)
You are resistant to electric shocks. (rElec)
You are resistant to unholy torment.
You are immune to petrification.


   Skills:
 + Level 2.3 Fighting
 - Level 5.2 Ranged Weapons
 - Level 1.3 Armour
 - Level 1.5 Dodging
 - Level 1.0 Spellcasting
 - Level 2.6 Hexes


You had 5 spell levels left.
You knew the following spells:

 Your Spells              Type           Power      Damage    Failure   Level
a - Slow                  Hex            28%        N/A       21%         1

Your spell library contained the following spells:

 Spells                   Type           Power      Damage    Failure   Level
 Inner Flame              Hex/Fire       4%         N/A       71%         3
 Portal Projectile        Hex/Tloc       8%         N/A       71%         3
 Cause Fear               Hex            3%         N/A       90%         4

Inventory:

Hand Weapons
 Y - a +2 sling (weapon)
Armour
 a - a +0 pair of gloves (worn)
 f - a +0 ring mail (worn)
Jewellery
 g - a +4 ring of protection (left hand)
Scrolls
 d - a scroll of identify
Potions
 b - a potion of lignification {unknown}
 c - a potion of brilliance {unknown}
 e - a potion of ambrosia {unknown}
 h - a potion of magic {unknown}
 i - a potion of attraction {unknown}
 k - a potion of haste
 l - a potion of curing {unknown}
 m - a potion of berserk rage {unknown}

Dungeon Overview and Level Annotations

Branches:
Dungeon (3/15)              Sewer (1/1)

Altars:
Sif Muna
Trog


Message History

You enter the shallow water.
Moving in this stuff is going to be slow.
You open the door.
A hell rat comes into view.
Found five items.
Found a gate leading back out of this place.
You shoot a sling bullet.
The sling bullet closely misses the hell rat.
You shoot a sling bullet.
The sling bullet hits the hell rat but does no damage.
You shoot a sling bullet. The sling bullet hits the hell rat.
The hell rat is lightly wounded.
The hell rat bites you! The hell rat barely misses you.
You shoot a sling bullet.
The sling bullet completely misses the hell rat.
The hell rat bites you but does no damage. x2
You shoot a sling bullet.
The sling bullet closely misses the hell rat.
The hell rat barely misses you.
You shoot a sling bullet.
The sling bullet hits the hell rat but does no damage.
The hell rat is lightly wounded.
The hell rat twitches its whiskers.
The hell rat bites you but does no damage.
The hell rat barely misses you.
You shoot a sling bullet. The sling bullet hits the hell rat.
The hell rat is moderately wounded.
The hell rat bites you.
You shoot a sling bullet.
The sling bullet hits the hell rat but does no damage.
The hell rat is moderately wounded.
The hell rat bites you but does no damage.
The hell rat barely misses you.
You shoot a sling bullet. The sling bullet hits the hell rat.
The hell rat is heavily wounded.
The hell rat bites you!
You shoot a sling bullet.
The sling bullet barely misses the hell rat.
The hell rat bites you!
You die...

###%~~..\~~.~.#
#.~.%~#####~~%~~
##.~.###?\!###..~
#~~~##.!??![~# ~.
#.~%# ~~~~~~~ .
#~.%## ~~~~~ .
##.~~###~~~ .~.
#~.~~.##r##~~.~~
###~~~.~@%~.~.#
###~~~~~~~###
#########


You could see a hell rat.

Vanquished Creatures
  A scorpion (D:3)
  A gnoll (D:3)
  4 adders
  A white imp (D:3)
  A worm (D:3)
  A dart slug (D:1)
  7 orcs (D:3)
  4 bats
  5 endoplasms
  6 giant cockroaches
  7 goblins (D:1)
  8 hobgoblins
  4 jackals (D:3)
  5 quokkas
  4 ball pythons
  2 frilled lizards
  10 kobolds
  10 rats
81 creatures vanquished.

Notes
Turn   | Place    | Note
-------+----------+-------------------------------------------
     0 | D:1      | qw the Gargoyle Hexslinger began the quest for the Orb.
     0 | D:1      | Reached XP level 1. HP: 12/12 MP: 2/2
     0 | D:1      | 0 ||| qw: Version: 0.3-a-24-ga2abf7b
     0 | D:1      | 0 ||| qw: Game counter: 6981
     0 | D:1      | 0 ||| qw: Melee chars always use a shield: true
     0 | D:1      | 0 ||| qw: God list: Okawaru
     0 | D:1      | 0 ||| qw: Allow faded altars: false
     0 | D:1      | 0 ||| qw: Do Orc after clearing Dungeon:15 true
     0 | D:1      | 0 ||| qw: Do second Lair branch before Depths: true
     0 | D:1      | 0 ||| qw: Lair rune preference: random
     0 | D:1      | 0 ||| qw: Goals: Normal
     0 | D:1      | 0 ||| PLANNING D:1-11
   126 | D:1      | HP: 2/12 [hobgoblin (4)]
   131 | D:1      | Reached XP level 2. HP: 5/16 MP: 3/3
   226 | D:1      | Reached skill level 3 in Ranged Weapons
   569 | D:1      | Reached XP level 3. HP: 21/21 MP: 4/4
   751 | D:1      | 751 ||| UPGRADING to +0 ring mail.
   761 | D:1      | 761 ||| DROPPING +0 robe.
   762 | D:1      | 762 ||| UPGRADING to +4 ring of protection.
   763 | D:1      | 763 ||| READING scroll labelled DOPOWETOIFON.
   764 | D:1      | 764 ||| READING scroll labelled BEUGGO BAKYBU.
   765 | D:1      | 765 ||| READING scroll labelled DOCINAUFUA.
   770 | D:1      | 770 ||| DROPPING scroll of poison.
   897 | D:2      | Found a faded altar of an unknown god.
  1067 | D:2      | Reached XP level 4. HP: 26/26 MP: 5/5
  1575 | D:2      | 1575 ||| UPGRADING to +0 pair of gloves.
  1580 | D:2      | 1580 ||| DRINKING 2 green potions.
  1592 | D:3      | 1592 ||| PLANNING SEWER
  1610 | D:3      | 1610 ||| STAIRDANCE
  1638 | D:3      | Reached skill level 1 in Armour
  1648 | D:3      | Reached skill level 4 in Ranged Weapons
  1866 | D:3      | Reached XP level 5. HP: 30/30 MP: 6/6
  1866 | D:3      | Found a bloodstained altar of Trog.
  1877 | D:3      | Found a shimmering blue altar of Sif Muna.
  1892 | D:3      | HP: 6/30 [white imp (2)]
  1893 | D:3      | 1893 ||| DRINKING potion of heal wounds.
  1954 | D:3      | Reached skill level 5 in Ranged Weapons
  1987 | D:3      | Found a glowing drain.
  2010 | D:3      | 2010 ||| READING 2 scrolls labelled HAXTAB PEBB.
  2011 | D:3      | 2011 ||| READING scroll labelled GUPSEORRUE.
  2012 | D:3      | 2012 ||| DRINKING 2 lumpy amethyst potions.
  2020 | Sewer    | Entered a sewer
  2041 | Sewer    | 2041 ||| Stepping ~*~*~tactically~*~*~ (water).
  2048 | Sewer    | 2048 ||| Stepping ~*~*~tactically~*~*~ (water).
  2063 | Sewer    | Slain by a hell rat

Levels and vault maps discovered:
D:1:      dpeg_arrival_morbid_curiosity, layout_basic
D:2:      layout_loops_ring, dreamdust_ecumenical_altar_hidden_monk_grotto,
          serial_aquarium, aquarium_bridge_straight [aquarium_subvault_bridge,
          aquarium_subvault_window, aquarium_subvault_bridge,
          aquarium_subvault_wall], aquarium_window_1, aquarium_window_corner,
          aquarium_view_2c, aquarium_view_2f, aquarium_pool_double,
          chequers_serial_rivers_small_3
D:3:      minmay_spotlight, layout_basic, nzn_overflow_gifts_of_might_and_magic,
          portal_sewer_entry_f
Sewer:    sewer_hellmonk_bad_rat

Skill      XL: |  1  2  3  4  5 |
---------------+----------------+-----
Ranged Weapons | 3 4 5 |  5.2
Fighting       | 2 |  2.3
Armour         | 1 |  1.3
Dodging        | |  1.5
Spellcasting   | |  1.0
Hexes          | |  2.6

Action                     |  1- 3 |  4- 6 || total
---------------------------+-------+-------++-------
   Fire: Sling             |   113 |   185 ||   298
    Use: Scroll            |     3 |     2 ||     5
         Potion            |       |     3 ||     3
 Armour: Robe              |     9 |       ||     9
         Ring mail         |    12 |    98 ||   110
  Dodge: Dodged            |    39 |    94 ||   133

Table legend:
 A = Non-vault XP
 B = Vault XP
 C = Vault XP percentage of total XP
 D = Non-vault monster count
 E = Vault monster count
 F = Vault count percentage of total count
                 A         B        C        D         E       F
            +---------+---------+-------+---------+---------+-------
      Total |     245 |      51 |  17.2 |      62 |      19 |  23.5
            +---------+---------+-------+---------+---------+-------
        D:1 |      37 |       8 |  17.8 |      20 |       4 |  16.7
        D:2 |      44 |       0 |   0.0 |      14 |       0 |   0.0
        D:3 |     164 |      36 |  18.0 |      28 |       8 |  22.2
      Sewer |       0 |       7 | 100.0 |       0 |       7 | 100.0
            +---------+---------+-------+---------+---------+-------
